 Dungeon Crawl Stone Soup version 0.29-a0-617-g7a6b98fccd (webtiles) character file.

Game seed: 1171753970058045355

9979 croobank the Fighter (level 11, -8/100 HPs)
             Began as a Hill Orc Fighter on June 17, 2022.
             Was a Priest of Beogh.
             Mangled by a large slime creature (29 damage)
             ... on level 11 of the Dungeon.
             The game lasted 00:57:04 (15939 turns).

croobank the Fighter (Hill Orc Fighter)            Turns: 15939, Time: 00:57:05

Health: -8/100     AC: 15    Str: 24    XL:     11   Next: 54%
Magic:  18/18      EV: 10    Int:  8    God:    Beogh [***...]
Gold:   431        SH:  6    Dex: 10    Spells: 10/10 levels left

rFire   . . .      SeeInvis .   Y - +3 hand axe "Faggeng" {holy, rC+}
rCold   + + .      Faith    .   c - +0 buckler
rNeg    . . .      Spirit   .   m - +1 ring mail "Mafeoc" {Will++}
rPois   +          Reflect  .   D - +1 helmet
rElec   .          Harm     .   l - +1 cloak
rCorr   .          Rampage  .   (no gloves)
Will    ++...                   E - +1 pair of boots
Stlth   ..........              (no amulet)
HPRegen 0.26/turn               u - ring of poison resistance
MPRegen 0.16/turn               H - ring of protection from cold

@: no status effects
A: no striking features
a: Renounce Religion, Smiting


You were on level 11 of the Dungeon.
You worshipped Beogh.
Beogh was most pleased with you.
You visited 1 branch of the dungeon, and saw 11 of its levels.
You also visited: Sewer and Ossuary.

You collected 431 gold pieces.

Inventory:

Hand Weapons
 a - a +0 war axe
 b - a +0 hunting sling
 g - a +3 quarterstaff of chaos
 h - a +0 short sword of speed
 i - the +5 rapier "Rukkixeu" {freeze, Will+}
   (You found it in a sewer)

   It freezes those it strikes, dealing additional cold damage.
   It can also slow down cold-blooded creatures.
   Will:      It increases your willpower.
 s - a +0 bardiche
 M - a +2 dagger of venom
 N - a +0 morningstar
 Q - a +4 short sword of freezing
 R - a +3 scimitar
 U - a +5 falchion
 V - a +4 trident
 Y - the +3 hand axe "Faggeng" (weapon) {holy, rC+}
   (You took it off an orc on level 10 of the Dungeon)

   It has been blessed by the Shining One to cause great damage to the undead
   and demons.
   rC:        It protects you from cold.
Missiles
 P - an atropa-tipped dart
Armour
 c - a +0 buckler (worn)
 l - a +1 cloak (worn)
 m - the +1 ring mail "Mafeoc" (worn) {Will++}
   (You found it on level 3 of the Dungeon)

   Will:      It greatly increases your willpower.
 D - a +1 helmet (worn)
 E - a +1 pair of boots (worn)
Jewellery
 j - a ring of resist corrosion
 u - a ring of poison resistance (left hand)
 F - a ring of flight
 H - a ring of protection from cold (right hand)
 L - a ring of wizardry
 T - a +6 ring of dexterity
Wands
 y - a wand of mindburst (7)
 A - a wand of paralysis (8)
 C - a wand of flame (26)
 J - a wand of digging (6)
 S - a wand of iceblast (4)
Scrolls
 e - a scroll of fog
 p - a scroll of teleportation
 r - 2 scrolls of poison
 z - 7 scrolls of identify
 B - 4 scrolls of vulnerability
 G - a scroll of noise
 I - 2 scrolls of amnesia
 K - a scroll of enchant weapon
 X - 2 scrolls of silence {unknown}
Potions
 d - 6 potions of curing
 f - a potion of flight
 n - 2 potions of ambrosia
 o - a potion of heal wounds
 q - a potion of attraction
 t - 4 potions of mutation
 v - 5 potions of lignification
 x - 2 potions of magic
 O - a potion of berserk rage
 W - a potion of might
Miscellaneous
 k - a piece from Xom's chessboard (14/15)


   Skills:
 + Level 10.3 Fighting
 * Level 4.2 Short Blades
 - Level 10.0 Axes
 + Level 9.4 Armour
 + Level 9.4 Shields
 + Level 9.6 Invocations


You had 10 spell levels left.
You didn't know any spells.
Your spell library contained the following spells:

 Spells                   Type           Power      Damage    Failure   Level
 Apportation              Tloc           0%         N/A       58%         1
 Necrotize                Necr           0%         1d4       58%         1
 Summon Small Mammal      Summ           0%         N/A       58%         1
 Ozocubu's Armour         Ice            0%         N/A       92%         3
 Metabolic Englaciation   Hex/Ice        0%         N/A       100%        5
 Simulacrum               Ice/Necr       0%         N/A       100%        6


Dungeon Overview and Level Annotations

Branches:
Dungeon (11/15)            Temple (0/1) D:6           Sewer (visited)
Ossuary (visited)
   Lair: D:8-11         Orc: D:9-12

Altars:
Ashenzari
Cheibriados
Dithmenos
Fedhas
Gozag
Nemelex Xobeh
Okawaru
Sif Muna
Vehumet
Xom
The Shining One

Shops:
D:1 (   D:3 [   D:7 =   D:8 *


Message History

Two slime creatures merge to form an enormous slime creature.
The slime creature hits you!
You hit the slime creature.
The slime creature is lightly wounded.
The slime creature hits you but does no damage.
The slime creature attacks as you move away!
The slime creature misses you.
You hit the slime creature.
The slime creature is lightly wounded.
The slime creature hits you!
You barely miss the slime creature.
The slime creature is lightly wounded.
The slime creature hits you but does no damage.
You hit the slime creature.
The slime creature is lightly wounded.
You hit the enormous slime creature. You barely miss the slime creature.
The slime creature is lightly wounded.
You hit the enormous slime creature.
An enormous slime creature splits.
The slime creature hits you.
You slash the slime creature!
The slime creature is moderately wounded.
You barely miss the large slime creature.
You slash the large slime creature! The large slime creature hits you.
The slime creature hits you!
You hit the large slime creature but do no damage.
The large slime creature is lightly wounded.
You barely miss the large slime creature.
You completely miss the slime creature.
You block the large slime creature's attack.
The large slime creature hits you!! The slime creature hits you!
You slash the large slime creature!
The large slime creature is lightly wounded.
You hit the slime creature but do no damage.
You hit the large slime creature.
The large slime creature hits you but does no damage.
The slime creature hits you!
* * * LOW HITPOINT WARNING * * *
The large slime creature hits you!!
You die...

.........# #.....
........#
#$...#######.......#
#....#.....#.......#
+#...J#.....#.......#
....J.#.....#.......#
......##'####.......#
#.............J@...#
#.............JJ...#
#.....#######......#
#.....# #......#
#.....# #......#
#..##+#
#......####### ....
#####........# ....
#........# ....
#........#


You could see 2 large slime creatures and a slime creature.

Vanquished Creatures
  3 two-headed ogres (D:10)
  Pikel (D:5)
  A gargoyle (D:10)
  A kobold demonologist (D:10)
  A troll (D:9)
  Prince Ribbit (D:7)
  Grinder (D:3)
  A shadow (D:9)
  2 vampire mosquitoes (D:7)
  2 water moccasins
  4 orc warriors
  A sky beast (D:7)
  A black bear (D:8)
  2 ice beasts
  2 ogres
  8 centaurs
  A lemure (D:5)
  A phantom (D:6)
  5 bullfrogs
  5 kobold brigands
  5 elf zombies (Ossuary)
  3 gnoll sergeants
  2 necrophages
  3 scorpions (D:7)
  11 wights
  21 killer bees
  A howler monkey (D:8)
  6 centaur zombies (Ossuary)
  A human zombie (Ossuary)
  9 hounds
  An iron imp (D:8)
  A jelly (D:6)
  Crazy Yiuf (D:2)
  A gnoll shaman (D:7)
  5 iguanas
  Natasha (thrice) (D:3)
  An orc wizard (D:6)
  4 mummies
  Robin (D:3)
  19 gnolls
  11 adders
  A shadow imp (D:6)
  2 white imps
  3 worms
  30 orcs
  14 ball pythons
  18 endoplasms
  9 giant cockroaches
  15 goblins
  6 hobgoblins
  3 jackals (D:1)
  12 quokkas
  3 bats
  9 frilled lizards (Sewer)
  2 hobgoblin zombies (D:4)
  28 kobolds
  8 rats
317 creatures vanquished.

Vanquished Creatures (collateral kills)
  A black bear (D:5)
  A centaur (D:10)
  An adder (D:5)
  2 orcs (D:10)
5 creatures vanquished.

Vanquished Creatures (others)
  An orc priest (D:5)
  3 orc wizards
  3 orcs (D:10)
  6 plants
13 creatures vanquished.

Grand Total: 335 creatures vanquished

Notes
Turn   | Place    | Note
-------+----------+-------------------------------------------
     0 | D:1      | croobank the Hill Orc Fighter began the quest for the Orb.
     0 | D:1      | Reached XP level 1. HP: 19/19 MP: 1/1
   115 | D:1      | Found Fegeody's Antique Weapon Shoppe.
   213 | D:1      | Reached XP level 2. HP: 27/27 MP: 2/2
  1060 | D:2      | Reached XP level 3. HP: 30/33 MP: 3/3
  1621 | D:2      | Found a faded altar of an unknown god.
  1711 | D:2      | Reached XP level 4. HP: 39/40 MP: 4/4
  1906 | D:2      | Found a runed translucent door.
  1907 | D:2      | Noticed Crazy Yiuf
  2013 | D:2      | Killed Crazy Yiuf
  2297 | D:3      | Found a glowing drain.
  2298 | D:3      | Noticed Natasha
  2312 | D:3      | Killed Natasha
  2313 | D:3      | Reached XP level 5. HP: 29/47 MP: 5/5
  2323 | Sewer    | Entered a sewer
  3233 | Sewer    | Reached skill level 5 in Fighting
  3233 | Sewer    | Reached XP level 6. HP: 27/56 MP: 6/6
  3401 | Sewer    | Identified the +5 rapier "Rukkixeu" {freeze, Will+}
  3411 | Sewer    | Reached skill level 5 in Axes
  3443 | D:3      | Identified the +1 ring mail "Mafeoc" {Will++}
  3579 | D:3      | Found a shimmering blue altar of Sif Muna.
  3632 | D:3      | Found a sparkling altar of Nemelex Xobeh.
  3667 | D:3      | Found Esim's Antique Armour Shoppe.
  3715 | D:3      | Noticed Grinder
  3758 | D:3      | Killed Grinder
  3759 | D:3      | Reached skill level 5 in Armour
  3759 | D:3      | Reached skill level 5 in Shields
  3759 | D:3      | Reached skill level 1 in Invocations
  3759 | D:3      | Reached XP level 7. HP: 61/61 MP: 6/8
  3778 | D:3      | Noticed Natasha
  3783 | D:3      | Killed Natasha
  3946 | D:3      | Noticed Robin
  3961 | D:3      | Killed Robin
  4005 | D:3      | Noticed Natasha
  4010 | D:3      | Killed Natasha
  4068 | D:3      | Found a radiant altar of Vehumet.
  4234 | D:4      | Found a sand-covered staircase.
  4308 | Ossuary  | Entered an ossuary
  4521 | Ossuary  | Reached XP level 8. HP: 70/70 MP: 10/10
  5338 | D:5      | Entered Level 5 of the Dungeon
  5344 | D:5      | Became a worshipper of Beogh the Brigand
  5825 | D:5      | Reached skill level 5 in Invocations
  5825 | D:5      | Reached XP level 9. HP: 75/79 MP: 12/12
  5931 | D:5      | Noticed Pikel
  5949 | D:5      | Killed Pikel
  6120 | D:5      | Found a broken altar of Ashenzari.
  7096 | D:6      | Reached * piety under Beogh
  7110 | D:6      | Found a staircase to the Ecumenical Temple.
  7526 | D:6      | Found an opulent altar of Gozag.
  7733 | D:6      | Found an iron altar of Okawaru.
  8050 | D:7      | Found a shadowy altar of Dithmenos.
  8106 | D:7      | Reached XP level 10. HP: 79/89 MP: 15/15
  8362 | D:7      | Found a shimmering altar of Xom.
  8363 | D:7      | Found a shimmering altar of Xom.
  8363 | D:7      | Found a shimmering altar of Xom.
  8396 | D:7      | Noticed Prince Ribbit
  8414 | D:7      | Killed Prince Ribbit
  8504 | D:7      | Reached ** piety under Beogh
  8548 | D:7      | Found Tiatamyu's Jewellery Emporium.
  9573 | D:7      | Noticed a glowing orange brain
  9888 | D:8      | Found Zaoxune's Assorted Antiques.
 10034 | D:8      | Found a snail-covered altar of Cheibriados.
 10663 | D:8      | Found a blossoming altar of Fedhas.
 10928 | D:8      | Reached *** piety under Beogh
 11957 | D:8      | Reached skill level 10 in Axes
 12489 | D:10     | Entered Level 10 of the Dungeon
 12496 | D:10     | Noticed a two-headed ogre
 12496 | D:10     | Noticed a two-headed ogre
 12682 | D:9      | Reached skill level 1 in Short Blades
 12682 | D:9      | Reached XP level 11. HP: 59/82 MP: 17/17
 13057 | D:10     | Noticed a two-headed ogre
 13420 | D:10     | Noticed a two-headed ogre
 13491 | D:10     | Noticed an ogre mage
 13808 | D:10     | Noticed a two-headed ogre
 14109 | D:10     | Killed a two-headed ogre
 14361 | D:10     | Killed a two-headed ogre
 14362 | D:10     | Reached skill level 10 in Fighting
 14659 | D:10     | Found a glowing golden altar of the Shining One.
 14705 | D:10     | Killed a two-headed ogre
 14925 | D:10     | Identified the +3 hand axe "Faggeng" {holy, rC+}
 15939 | D:11     | Mangled by a large slime creature

Illustrated notes

Levels and vault maps discovered:
D:1:      dpeg_arrival_three_bigger_balls, layout_basic, serial_shops,
          nicolae_shop_crystal
D:2:      layout_basic, ebering_ecumenical_altar_box, uniq_crazy_yiuf_cottage
D:3:      layout_loops_ring, lemuel_tele_altar, nicolae_sif_muna_condensation,
          nemelex_xobeh_ov_fountains_minmay, serial_shops,
          nicolae_shop_statue_plus, gup_sewer_entry_bowl, supply_closet_lemuel,
          uniq_natasha, uniq_grinder, uniq_robin
D:4:      layout_rooms, nicolae_ossuary_entry_giza
D:5:      layout_loops_ring, nicolae_ashenzari_skybound, st_stairs_5,
          kennysheep_generic_room_4, uniq_pikel
D:6:      layout_loops_ring, mainiacjoe_overflow_paths, grunt_gozag_statues,
          minmay_temple_entry_wispy
D:7:      layout_basic, xom_shifter_show,
          nicolae_dithmenos_through_a_glass_darkly, serial_shops, shop,
          hangedman_decor_slide_cut, grunt_ministairs_13, uniq_prince_ribbit1
D:8:      layout_loops_ring, slow_altar_1, mainiacjoe_overflow_alcove_2,
          serial_shops, nicolae_shop_overgrown_old_shop, kennysheep_diamond
D:9:      layout_stronghold
D:10:     layout_grid_maze, tso_oasis_becter, minmay_orc_entry_guard_dogs,
          minivault_10, grunt_potential
D:11:     layout_irregular_city, lair_entry_dummy, gammafunk_ghost_grave

Skill      XL: |  1  2  3  4  5  6  7  8  9 10 11 |
---------------+----------------------------------+-----
Axes           | 3 4 5 6 7 8 10 | 10.0
Fighting       | 4 5 6 7 8 9 10 | 10.3
Armour         | 4 5 6 7 8 9 |  9.4
Shields        | 4 5 6 7 8 9 |  9.4
Invocations    | 1 3 5 6 8 9 |  9.6
Short Blades   | 1 4 |  4.2

Action                   |  1- 3 |  4- 6 |  7- 9 | 10-12 || total
-------------------------+-------+-------+-------+-------++-------
Melee: War axe           |   111 |   189 |       |    47 ||   347
       Rapier            |       |    14 |   434 |   436 ||   884
       Hand axe          |       |       |       |    80 ||    80
       Dagger            |       |       |       |    23 ||    23
       Trident           |       |       |       |    19 ||    19
Throw: Dart              |       |       |       |     5 ||     5
Invok: Convert to Beogh  |       |       |     1 |       ||     1
       Smiting           |       |       |       |     2 ||     2
Evoke: Wand              |       |       |       |    16 ||    16
       Piece from Xom's  |       |       |       |     2 ||     2
  Use: Scroll            |       |     5 |    15 |     9 ||    29
       Potion            |       |     2 |     1 |     7 ||    10
 Stab: Confused          |       |       |       |     2 ||     2
       Distracted        |       |       |       |     1 ||     1
Armor: Scale mail        |    55 |    87 |       |       ||   142
       Ring mail         |       |     5 |   208 |   454 ||   667
Dodge: Dodged            |    63 |   101 |   182 |   406 ||   752
Block: Buckler           |    30 |    56 |   111 |   245 ||   442

Table legend: (Time is in decaauts)
 A = Elapsed time spent in this place.
 B = Non-inter-level travel time spent in this place.
 C = Inter-level travel time spent in this place.
 D = Time resting spent in this place.
 E = Time spent auto-exploring this place.
 F = Levels seen in this place.
 G = Mean time per level.
                   A        B        C        D        E       F      G
               +--------+--------+--------+--------+--------+-----+--------+
         Total |  16331 |  15828 |    503 |   4784 |   7774 |  13 | 1256.2 |
       Dungeon |  14350 |  13847 |    503 |   3788 |   7387 |  11 | 1304.5 |
         Sewer |   1230 |   1230 |      0 |    611 |    229 |   1 | 1230.0 |
       Ossuary |    749 |    749 |      0 |    384 |    157 |   1 |  749.0 |
               +--------+--------+--------+--------+--------+-----+--------+

Top non-repeatable levels by time:
     D:9: 2375 daAuts
    D:10: 2065 daAuts
     D:8: 1779 daAuts
     D:5: 1738 daAuts
     D:7: 1646 daAuts
   Sewer: 1230 daAuts
     D:2: 1072 daAuts
     D:1: 1062 daAuts
     D:6: 1025 daAuts
     D:3: 996 daAuts
 Ossuary: 749 daAuts
     D:4: 474 daAuts
    D:11: 114 daAuts
